 Dungeon Crawl Stone Soup version 0.29-a0-551-gffc1d7fb78 (webtiles) character file.

Game seed: 16413130129317999218

214 Zonian the Ducker (level 5, -3/42 HPs)
             Began as a Spriggan Abyssal Knight on June 6, 2022.
             Was a Priest of Lugonu.
             Slain by Grinder (5 damage)
             ... while paralysed by Grinder
             ... on level 3 of the Dungeon.
             The game lasted 00:05:02 (3045 turns).

Zonian the Ducker (Spriggan Abyssal Knight)         Turns: 3045, Time: 00:05:03

Health: -3/42      AC:  7    Str:  9    XL:     5   Next: 59%
Magic:  8/8        EV:  4    Int: 12    God:    Lugonu [***...]
Gold:   85         SH:  0    Dex: 23    Spells: 4/4 levels left

rFire   . . .      SeeInvis +   c - +2 dagger (freeze)
rCold   . . .      Faith    .   l - orb {*Rage}
rNeg    . . .      Spirit   .   b - +1 robe
rPois   .          Reflect  .   (helmet restricted)
rElec   .          Harm     .   (no cloak)
rCorr   .          Rampage  .   (gloves unavailable)
Will    .....      Rage     20% (boots unavailable)
Stlth   ..........              (no amulet)
HPRegen 0.14/turn               f - +6 ring of dexterity
MPRegen 0.11/turn               o - +4 ring of protection

@: paralysed, berserking, very quick
A: very small, no large weapons, unfitting armour, see invisible, speed 3
a: Renounce Religion, Depart the Abyss, Bend Space, Banish


You were on level 3 of the Dungeon.
You worshipped Lugonu.
Lugonu was most pleased with you.
You visited 1 branch of the dungeon, and saw 3 of its levels.
You visited the Abyss 1 time.

You collected 85 gold pieces.

Inventory:

Hand Weapons
 a - a +1 short sword
 c - a +2 dagger of freezing (weapon)
 d - a +0 hunting sling
 p - a +1 dagger of holy wrath
Armour
 b - a +1 robe (worn)
 l - an orb of wrath (worn)
Jewellery
 f - a +6 ring of dexterity (left hand)
 o - a +4 ring of protection (right hand)
Scrolls
 m - 2 scrolls of enchant armour
 n - a scroll of magic mapping {unknown}
Potions
 e - 3 potions of lignification {unknown}
 g - 2 potions of attraction {unknown}
 h - a potion of curing {unknown}
 i - a potion of heal wounds {unknown}
 j - 2 potions of mutation {unknown}
 k - a potion of brilliance {unknown}


   Skills:
 + Level 3.2 Fighting
 + Level 3.5 Short Blades
 + Level 4.6 Dodging
 + Level 3.2 Stealth
 + Level 3.0 Invocations


You had 4 spell levels left.
You didn't know any spells.
Your spell library was empty.

Dungeon Overview and Level Annotations

Branches:
Dungeon (3/15)

Altars:

Annotations:
D:2 1 runed translucent door, Crazy Yiuf
D:3 Grinder, Terence


Innate Abilities, Weirdness & Mutations

You are very small and have problems with some larger weapons.
You are too small for most types of armour.
You have supernaturally acute eyesight. (SInv)
You cover ground extremely quickly. (Speed+++)


Message History

Grinder is moderately wounded.
Grinder gestures at you. You resist with significant effort.
You hit Grinder.
Grinder is moderately wounded.
Unknown command.
You barely miss Grinder.
Grinder is moderately wounded.
Grinder barely misses you. Terence barely misses you.
You completely miss Grinder.
Grinder is moderately wounded.
You puncture Grinder!
Grinder is heavily wounded.
Grinder hits you.
You writhe in agony.
* * * LOW HITPOINT WARNING * * *
Terence hits you from afar with a +0 trident.
* * * LOW HITPOINT WARNING * * *
You puncture Grinder!
Grinder is severely wounded.
You hit Grinder.
Grinder is almost dead.
Grinder gestures at you. You resist with significant effort.
Terence misses you.
You barely miss Grinder.
Grinder is almost dead.
You barely miss Grinder.
Grinder is almost dead.
Grinder says, "There's only one good use for a tongue: cutting it out."
Grinder gestures at you.
You suddenly lose the ability to move!
Terence hits you from afar with a +0 trident.
* * * LOW HITPOINT WARNING * * *
Grinder hits you.
* * * LOW HITPOINT WARNING * * *
You writhe in agony.
* * * LOW HITPOINT WARNING * * *
Terence hits you from afar with a +0 trident.
* * * LOW HITPOINT WARNING * * *
Grinder hits you.
You die...

# #.................# #.#
##................#
....##................#
#..........>........#
###..#..............###
...#..#.....#.....#...#
##.##.......#########.# #
####............#.###
##....@5@.#####.....#####
............#######.....#
@.........#......##..##..
##........######.##....#
#........# #..#....#
########## ##......#
###....# #....# #....#


You could see Grinder and Terence.

Vanquished Creatures
  A phantom (D:3)
  2 hounds (D:3)
  A gnoll (D:3)
  An adder (D:2)
  A worm (D:2)
  3 dart slugs
  3 ball pythons (D:1)
  8 endoplasms
  3 giant cockroaches
  6 goblins
  6 hobgoblins (D:1)
  3 quokkas
  3 bats (D:1)
  3 frilled lizards
  4 kobolds
  7 rats
55 creatures vanquished.

Vanquished Creatures (others)
  4 plants (D:1)
  A withered plant (D:1)
5 creatures vanquished.

Grand Total: 60 creatures vanquished

Notes
Turn   | Place    | Note
-------+----------+-------------------------------------------
     0 | Abyss:1  | Zonian the Spriggan Abyssal Knight began the quest for the
                  | Orb.
     0 | Abyss:1  | Reached XP level 1. HP: 11/11 MP: 3/3
    12 | D:1      | Escaped the Abyss
   484 | D:1      | Found a faded altar of an unknown god.
   507 | D:1      | Reached XP level 2. HP: 15/16 MP: 4/4
   862 | D:1      | Reached skill level 1 in Stealth
   862 | D:1      | Reached XP level 3. HP: 19/19 MP: 5/5
   878 | D:1      | Reached *** piety under Lugonu
  2554 | D:2      | Found a runed translucent door.
  2555 | D:2      | Noticed Crazy Yiuf
  2740 | D:3      | Reached skill level 4 in Dodging
  2826 | D:3      | Reached XP level 4. HP: 23/23 MP: 6/6
  2900 | D:3      | Reached XP level 5. HP: 28/28 MP: 8/8
  2908 | D:3      | Noticed a phantom
  2914 | D:3      | Killed a phantom
  3025 | D:3      | Noticed Grinder
  3027 | D:3      | Noticed Terence
  3043 | D:3      | Paralysed by Grinder for 3 turns
  3044 | D:3      | HP: 1/42 [Terence/+0 trident (4)]
  3045 | D:3      | Slain by Grinder

Illustrated notes

Levels and vault maps discovered:
D:1:      dpeg_arrival_subterranean_lakeside_camping, layout_rooms,
          shapermc_ecumenical_altar_flowoftime, serial_bayou_pond_b,
          minmay_ruptured
D:2:      layout_basic, uniq_crazy_yiuf_cottage
D:3:      layout_rooms, kennysheep_flooded_box, st_stairs_8,
          cheibrodos_gnoll_hut, uniq_terence, uniq_grinder

Skill      XL: |  1  2  3  4  5 |
---------------+----------------+-----
Invocations    | 2 3 |  3.0
Stealth        | 1 2 3 |  3.2
Dodging        | 4 |  4.6
Short Blades   | 3 |  3.5
Fighting       | 3 |  3.2

Action                   |  1- 3 |  4- 6 || total
-------------------------+-------+-------++-------
Melee: Dagger            |   107 |    29 ||   136
       Short sword       |     2 |       ||     2
 Fire: Hunting sling     |     9 |       ||     9
  Use: Scroll            |       |     1 ||     1
 Stab: Sleeping          |     6 |     1 ||     7
       Distracted        |     1 |       ||     1
Armor: Robe              |     5 |     1 ||     6
Dodge: Dodged            |    62 |    16 ||    78

Table legend: (Time is in decaauts)
 A = Elapsed time spent in this place.
 B = Non-inter-level travel time spent in this place.
 C = Inter-level travel time spent in this place.
 D = Time resting spent in this place.
 E = Time spent auto-exploring this place.
 F = Levels seen in this place.
 G = Mean time per level.
                   A        B        C        D        E       F      G
               +--------+--------+--------+--------+--------+-----+--------+
         Total |   2453 |   2408 |     45 |   1073 |    964 |   4 |  613.2 |
       Dungeon |   2446 |   2401 |     45 |   1073 |    961 |   3 |  815.3 |
         Abyss |      7 |      7 |      0 |      0 |      3 |   1 |    7.0 |
               +--------+--------+--------+--------+--------+-----+--------+

Top non-repeatable levels by time:
     D:1: 1180 daAuts
     D:2: 980 daAuts
     D:3: 284 daAuts
 Abyss:1: 7 daAuts
